 Dungeon Crawl Stone Soup version 0.18-a0-1773-gec4f98e (webtiles) character file.

173771 Moloch the Sensei (level 17, -1/147 HPs)
             Began as a Purple Draconian Fighter on Apr 14, 2016.
             Was a High Priest of Ru.
             Slain by Ijustatesigmund's ghost (37 damage)
             ... on level 1 of the Elven Halls.
             The game lasted 02:33:09 (48912 turns).

Moloch the Sensei (Purple Draconian Fighter)       Turns: 48912, Time: 02:33:10

Health: -1/147     AC: 16    Str: 18    XL:     17   Next: 43%
Magic:  15/15      EV: 15    Int:  7    God:    Ru [*****.]
Gold:   3300       SH: 16    Dex: 18    Spells: 1 memorised, 14 levels left

rFire  + + .     SeeInvis .       - Unarmed
rCold  + + +     Gourm    .     (armour unavailable)
rNeg   . . .     Faith    +     g - +2 shield
rPois  .         Spirit   .     D - +2 hat
rElec  +         Dismiss  .     i - +2 cloak {MR+}
rCorr  .         Reflect  .     t - +0 pair of gloves
SustAt .         Harm     .     q - +0 pair of boots
MR     +++..                    c - amulet of faith
Stlth  ..........               Z - ring of Foohunk {rElec rF+ rC++ Slay+1}
                                v - +3 ring of slaying

@: exhausted, no scrolls, slowed, drained, very slow, extremely resistant to
hostile enchantments, extremely unstealthy
A: breathe power, unfitting armour, big wings, hooves 1, blurry vision 2, cold
resistance 1, dopey 1, fire resistance 1, low mp 1, sense surroundings 1,
screaming 1, electricity resistance, slow regeneration 2, evolution 1,
cold-blooded, inability to read while threatened, no stealth, no charms magic,
no fire magic, no necromancy magic, AC +9
a: Breathe Dispelling Energy, Fly, Draw Out Power, Power Leap, Apocalypse,
Renounce Religion


You were on level 1 of the Elven Halls.
You worshipped Ru.
Ru was extremely pleased with you.
You were not hungry.

You visited 5 branches of the dungeon, and saw 27 of its levels.
You also visited: Labyrinth and Wizlab.

You collected 3508 gold pieces.
You spent 208 gold pieces at shops.

Inventory:

Hand Weapons
 j - a +0 blowgun
Missiles
 a - 6 needles of sleeping
 b - 7 curare-tipped needles
 y - 6 poisoned needles
Armour
 g - a +2 shield (worn)
 i - a +2 cloak of magic resistance (worn)
 q - a +0 pair of boots (worn)
 t - a +0 pair of gloves (worn)
 D - a +2 hat (worn)
Jewellery
 c - an amulet of faith (around neck)
 v - a +3 ring of slaying (left hand)
 w - a cursed amulet of dismissal
 I - the ring "Novasoic" {Str+5 Int+6}
   (You found it on level 12 of the Dungeon)

   [ring of strength]

   It affects your strength (+5).
   It affects your intelligence (+6).
 U - a +4 ring of protection
 X - an uncursed ring of flight
 Z - the ring of Foohunk (right hand) {rElec rF+ rC++ Slay+1}
   (You found it on level 8 of the Lair of Beasts)

   [ring of slaying]

   It affects your accuracy and damage with ranged weapons and melee attacks
   (+1).
   It protects you from fire.
   It greatly protects you from cold.
   It insulates you from electricity.
Wands
 C - a wand of teleportation (3/9)
 L - a wand of teleportation (3/9)
 O - a wand of digging (9/24)
 W - a wand of digging (13/24)
Scrolls
 f - 4 scrolls of amnesia
 h - 2 scrolls of silence
 k - 5 scrolls of teleportation
 l - 19 scrolls of remove curse
 r - 4 scrolls of fog {unknown}
 s - 4 scrolls of blinking {unknown}
 B - 5 scrolls of fear
 E - 4 scrolls of torment {unknown}
 K - 4 scrolls of acquirement
 M - 3 scrolls of magic mapping
 N - 6 scrolls of enchant armour
 Q - a scroll of recharging
 S - a scroll of identify
Potions
 e - 5 potions of brilliance
 m - 3 potions of resistance
 n - a potion of heal wounds
 o - 4 potions of ambrosia
 u - 3 potions of magic
 x - 2 potions of haste
 z - 3 potions of cancellation
 A - 3 potions of cure mutation
 J - 4 potions of flight
 P - 8 potions of curing
 R - a potion of berserk rage
 T - a potion of agility
 V - a potion of invisibility
Comestibles
 d - 14 meat rations
 p - 15 bread rations
 F - 2 slices of pizza
 H - 15 royal jellies


   Skills:
 + Level 12.3(12.0) Fighting
 + Level 10.5(10.2) Dodging
 - Level 15.0(14.6) Shields
 * Level 21.9(21.5) Unarmed Combat


You had 14 spell levels left.
You knew the following spells:

 Your Spells              Type           Power        Failure   Level  Hunger
a - Blink                 Tloc           N/A          75%         2    ###....


Dungeon Overview and Level Annotations

Branches:
Dungeon (15/15)            Temple (1/1) D:4            Lair (8/8) D:8
 Shoals (0/4) Lair:5        Snake (0/4) Lair:5        Slime (0/6) Lair:6
    Orc (2/2) D:10            Elf (1/3) Orc:2        Vaults (0/5) D:14
 Depths (0/5) D:15

Altars:
Ashenzari
Cheibriados
Dithmenos
Elyvilon
Fedhas
Gozag
Kikubaaqudgha
Makhleb
Nemelex Xobeh
Okawaru
Pakellas
Qazlal
Ru
Sif Muna
Trog
Vehumet
Xom
Yredelemnul
Zin
The Shining One
Beogh

Shops:
Orc:2 [[}}

Annotations:
D:9 exclusion: downstairs
D:10 1 runed door, exclusion: orange crystal statue
Lair:2 exclusion: oklob plant
Elf:1 Ijustatesigmund's ghost, journeyman OgHu


Innate Abilities, Weirdness & Mutations

You can breathe bolts of dispelling energy.
Your rich purple scales are hard (AC +9).
Your body does not fit into most forms of armour.
You are dopey. (Int -2)
Your magical capacity is low (-10% MP).
You do not regenerate naturally when monsters are visible.
You are cold-blooded and may be slowed by cold attacks.
You cannot read scrolls while threatened.
You cannot be stealthy.
You cannot study or cast Charms magic.
You cannot study or cast Fire magic.
You cannot study or cast Necromancy magic.
Your large and strong wings let you fly indefinitely.
You have large cloven feet.
Scrolls take you longer to read.
Your flesh is cold resistant.
Your flesh is heat resistant.
You passively map a small area around you.
You occasionally shout uncontrollably at your foes.
You are resistant to electric shocks.
You evolve.


Message History

You pummel Ijustatesigmund's ghost!!
You tail-slap Ijustatesigmund's ghost, but do no damage.
Ijustatesigmund's ghost is almost destroyed.
You are no longer berserk.
You are exhausted.
You feel yourself slow down.
You hit Ijustatesigmund's ghost.
Your tail-slap misses Ijustatesigmund's ghost.
Ijustatesigmund's ghost is almost destroyed.
You block Ijustatesigmund's ghost's attack.
You completely miss Ijustatesigmund's ghost.
Ijustatesigmund's ghost is almost destroyed.
Ijustatesigmund's ghost hits you but does no damage.
You miss Ijustatesigmund's ghost.
Ijustatesigmund's ghost is almost destroyed.
Ijustatesigmund's ghost hits you!!
* * * LOW HITPOINT WARNING * * *
You focus your will and illuminate Ijustatesigmund's ghost in retribution!
Ijustatesigmund's ghost stops glowing.
Ijustatesigmund's ghost hits you!!!
You die...

####### ##.W.((##
##...@[..##
############.(.).....#
)..........'..)[).(..#
############...()..(.#
## #..(([[...# .##
#((.)(....# #.## ###
##'..(((..##
##[####.###[##.(...#'#*
##'#.....)#####'####.#*


You could see Ijustatesigmund's ghost.

Vanquished Creatures
  Saint Roka (Orc:2)
  Frances (D:12)
  A frost giant (shapeshifter) (D:14)
  A very ugly thing (D:12)
  A stone giant (D:14)
  2 deep elf demonologists (Elf:1)
  5 vault guards (D:14)
  A deep elf death mage (Orc:2)
  A minotaur (Lab)
  A deep elf high priest (Orc:2)
  2 fire dragons (D:14)
  8 hydras
  A rakshasa (D:15)
  3 ogre magi (D:14)
  4 centaur warriors
  A queen ant (Lair:7)
  2 catoblepae
  6 tengu warriors
  The ghost of skk the Blocker, a novice DsFi of Okawaru (D:10)
  5 death yaks
  6 dancing weapons
  5 orc high priests
  Urug (D:12)
  8 deep elf knights
  A flayed ghost (D:14)
  A giant orange brain (D:15)
  4 unseen horrors
  9 hill giants
  10 deep elf archers
  A deep troll (D:15)
  A phantasmal warrior (D:14)
  10 orc knights
  2 wizards (D:12)
  A lindwurm (Lair:8)
  A wolf spider (D:14)
  30 deep elf magi
  A hornet (D:14)
  3 manticores
  8 orc sorcerers
  A faun (shapeshifter) (D:15)
  3 griffons
  Joseph (Lair:1)
  28 ugly things
  3 cyclopes
  An elephant (shapeshifter) (D:14)
  Maurice (D:12)
  8 elephants (Lair:8)
  An eye of devastation (Lair:6)
  8 black mambas
  3 gargoyles
  20 spiny frogs
  2 kobold demonologists (D:15)
  A freezing wraith (D:14)
  8 rime drakes
  The ghost of Zhenya25pyc the Cudgeler, a novice GrFi (D:4)
  11 komodo dragons
  A queen bee (shapeshifter) (D:15)
  Prince Ribbit (D:5)
  15 blink frogs
  9 slime creatures
  10 trolls
  8 polar bears (Lair:8)
  3 two-headed ogres
  Grinder (D:4)
  A blink frog (shapeshifter) (D:15)
  3 raiju (Lair:8)
  A boulder beetle (Lair:6)
  The ghost of Zhenya25pyc the Skirmisher, an amateur GrFi of Makhleb (D:5)
  An air elemental (Elf:1)
  3 redbacks
  A shadow (D:13)
  2 wraiths
  5 wyverns
  43 yaks
  A vampire (D:11)
  2 water elementals (Elf:1)
  A fire elemental (Elf:1)
  A human (D:8)
  9 vampire mosquitoes
  5 basilisks
  11 hippogriffs
  A steam dragon (Lair:4)
  5 hungry ghosts
  A mottled dragon (D:14)
  10 wargs
  A naga (shapeshifter) (D:13)
  30 water moccasins
  8 soldier ants
  7 hell hounds (Lair:8)
  11 porcupines
  3 sky beasts
  56 orc warriors
  5 ice beasts
  2 wasps
  14 black bears
  2 eyes of draining
  24 ogres
  2 necrophages
  34 wolves
  2 phantoms
  A crocodile (shapeshifter) (D:14)
  15 centaurs
  10 crocodiles
  12 big kobolds
  3 gnoll sergeants (D:10)
  An earth elemental (Elf:1)
  23 giant frogs
  A wyvern zombie (D:10)
  5 scorpions
  31 killer bees
  11 wights
  9 crimson imps
  3 centaur zombies
  A giant frog zombie (D:7)
  18 hounds
  2 jellies
  3 centaur skeletons
  38 orc priests
  A giant frog skeleton (D:11)
  2 gnoll shamans
  10 iguanas
  7 hell rats
  18 worker ants
  26 orc wizards
  8 sheep
  A killer bee zombie (D:6)
  4 hound skeletons
  A howler monkey skeleton (D:5)
  12 gnolls
  10 adders
  40 river rats
  4 shadow imps
  2 oozes
  An adder skeleton (D:4)
  A worm (D:3)
  A dart slug (D:3)
  4 giant geckos
  131 orcs
  4 ball pythons
  7 bats
  3 bat zombies (D:8)
  5 giant cockroaches
  6 goblins
  6 hobgoblins
  27 jackals
  5 quokkas
  A giant gecko skeleton (D:5)
  A giant gecko zombie (D:5)
  3 giant newts
  47 kobolds
  A quokka skeleton (D:9)
  8 rats
  A rat zombie (D:8)
  3 fungi
1208 creatures vanquished.

Vanquished Creatures (others)
  2 hydras
  A deep elf knight (Elf:1)
  A komodo dragon (Lair:8)
  A rime drake (Lair:8)
  A blink frog (Lair:4)
  A hippogriff (Lair:8)
  A centaur (D:13)
  A ball python (Lair:5)
  54 fungi
  57 plants
120 creatures vanquished.

Grand Total: 1328 creatures vanquished

Notes
Turn   | Place    | Note
--------------------------------------------------------------
     0 | D:1      | Moloch the Draconian Fighter began the quest for the Orb.
     0 | D:1      | Reached XP level 1. HP: 19/19 MP: 1/1
   277 | D:1      | Reached XP level 2. HP: 26/26 MP: 2/2
   354 | D:1      | Reached skill level 3 in Unarmed Combat
  1139 | D:1      | Reached XP level 3. HP: 30/31 MP: 3/3
  1424 | D:2      | Found a faded altar to an unknown god.
  1545 | D:2      | Reached skill level 4 in Unarmed Combat
  1826 | D:3      | Reached XP level 4. HP: 28/38 MP: 4/4
  1902 | D:3      | Found a bloodstained altar of Trog.
  2477 | D:3      | Reached skill level 5 in Unarmed Combat
  2477 | D:3      | Reached XP level 5. HP: 23/45 MP: 5/5
  2787 | D:4      | Found a staircase to the Ecumenical Temple.
  2817 | Temple   | Entered the Ecumenical Temple
  2860 | Temple   | Became a worshipper of Ru the Awakened
  2899 | D:4      | Noticed Grinder
  3100 | D:4      | Reached skill level 6 in Unarmed Combat
  3274 | D:5      | Entered Level 5 of the Dungeon
  3392 | D:5      | Noticed a centaur
  3410 | D:5      | Killed a centaur
  3410 | D:5      | Reached XP level 6. HP: 36/51 MP: 6/6
  3465 | D:5      | Noticed an ice beast
  3519 | D:4      | Found a burning altar of Makhleb.
  3522 | D:4      | Found a sparkling altar of Nemelex Xobeh.
  3525 | D:4      | Found a glowing golden altar of the Shining One.
  3629 | D:5      | Reached skill level 7 in Unarmed Combat
  3880 | D:5      | Found a snail-covered altar of Cheibriados.
  4419 | D:5      | Gained mutation: You cannot be stealthy. [Ru sacrifice]
  4530 | D:5      | Killed an ice beast
  4530 | D:5      | Your scales start taking on a rich purple colour.
  4530 | D:5      | Reached XP level 7. HP: 57/57 MP: 7/7
  4564 | D:4      | Killed Grinder
  4564 | D:4      | Reached skill level 8 in Unarmed Combat
  4935 | D:4      | Noticed Zhenya25pyc's ghost (novice GrFi)
  5522 | D:6      | Reached skill level 9 in Unarmed Combat
  5704 | D:6      | Noticed Prince Ribbit
  5747 | D:5      | Reached XP level 8. HP: 43/63 MP: 8/8
  5956 | D:5      | Killed Prince Ribbit
  5956 | D:5      | Reached skill level 10 in Unarmed Combat
  6247 | D:6      | Noticed a hill giant
  7433 | D:7      | Reached skill level 11 in Unarmed Combat
  7724 | D:7      | Gained mutation: You have large cloven feet. [potion of mutation]
  7724 | D:7      | Gained mutation: You are agile. (Dex +2) [potion of mutation]
  7959 | D:7      | Reached XP level 9. HP: 70/70 MP: 9/9
  8846 | D:7      | Reached skill level 12 in Unarmed Combat
  9281 | D:5      | Killed a hill giant
  9541 | D:4      | Killed Zhenya25pyc's ghost
  9541 | D:4      | Reached skill level 13 in Unarmed Combat
  9833 | D:4      | Gained mutation: You cannot study or cast Fire magic. [Ru sacrifice]
  9833 | D:4      | Gained mutation: You cannot study or cast Necromancy magic. [Ru sacrifice]
  9833 | D:4      | Gained mutation: You cannot study or cast Charms magic. [Ru sacrifice]
  9833 | D:4      | Reached * piety under Ru
  9833 | D:4      | Reached ** piety under Ru
  9867 | D:5      | Noticed Zhenya25pyc's ghost (amateur GrFi)
  9914 | D:5      | Killed Zhenya25pyc's ghost
 10365 | D:8      | Found a staircase to the Lair.
 10365 | D:8      | Noticed a komodo dragon
 10478 | D:8      | Killed a komodo dragon
 10478 | D:8      | Reached skill level 5 in Shields
 10478 | D:8      | Reached XP level 10. HP: 74/77 MP: 10/10
 11039 | D:8      | Found a sparkling altar of Nemelex Xobeh.
 11040 | D:8      | Noticed an ogre mage
 11328 | D:8      | Found an ancient bone altar of Kikubaaqudgha.
 11983 | D:9      | Reached skill level 14 in Unarmed Combat
 11987 | D:9      | Found a shattered altar of Ashenzari.
 12256 | D:9      | Found a glowing silver altar of Zin.
 12371 | D:10     | Entered Level 10 of the Dungeon
 12371 | D:10     | Found a runed door.
 13576 | D:10     | Gained mutation: You tend to lose your temper in combat. [mutagenic meat]
 13577 | D:10     | Gained mutation: You have hoof-like feet. [mutagenic meat]
 13578 | D:10     | Gained mutation: You occasionally shout uncontrollably at your foes. [mutagenic meat]
 13877 | D:10     | Noticed skk's ghost (novice DsFi)
 14196 | D:10     | Reached XP level 11. HP: 68/85 MP: 11/11
 14472 | D:10     | Found a runed door.
 14481 | D:10     | Found a runed door.
 14912 | D:10     | Killed skk's ghost
 14912 | D:10     | Reached skill level 15 in Unarmed Combat
 15047 | D:10     | Found a staircase to the Orcish Mines.
 15113 | D:11     | Noticed a hill giant
 15131 | D:11     | Killed a hill giant
 15131 | D:11     | Reached skill level 5 in Fighting
 15455 | D:11     | Noticed an eight-headed hydra
 16142 | D:10     | Found a runed door.
 16177 | D:10     | Noticed a hill giant
 16191 | D:10     | Killed a hill giant
 16252 | D:10     | Noticed an orange crystal statue
 16578 | Orc:1    | Entered Level 1 of the Orcish Mines
 16916 | D:10     | Reached skill level 16 in Unarmed Combat
 17284 | Orc:2    | Entered Level 2 of the Orcish Mines
 17780 | Lair:1   | Entered Level 1 of the Lair of Beasts
 17861 | Lair:1   | Found a labyrinth entrance.
 17870 | Lab      | Entered a labyrinth
 18208 | Lab      | Reached XP level 12. HP: 96/96 MP: 12/12
 18332 | Lab      | Noticed a minotaur
 18349 | Lab      | Killed a minotaur
 18622 | Lair:1   | Noticed Sonja
 18624 | Lair:1   | Gained mutation: You cannot read scrolls while threatened. [Ru sacrifice]
 18624 | Lair:1   | Reached *** piety under Ru
 18631 | Lair:1   | Noticed Sonja
 18631 | Lair:1   | Sonja changed into Sonja the soldier ant
 18639 | Lair:1   | Killed Sonja the soldier ant
 19189 | Lair:1   | Noticed Joseph
 19219 | Lair:1   | Killed Joseph
 20454 | Lair:2   | Found a blossoming altar of Fedhas.
 20736 | Lair:2   | Reached skill level 17 in Unarmed Combat
 21325 | Lair:3   | Reached skill level 10 in Shields
 21555 | Lair:3   | Noticed a death yak
 21892 | Lair:3   | Noticed a death yak
 21922 | Lair:3   | Killed a death yak
 22119 | Lair:3   | Found a glowing silver altar of Zin.
 22154 | Lair:3   | Noticed a death yak
 22168 | Lair:3   | Killed a death yak
 22173 | Lair:3   | Noticed a death yak
 22174 | Lair:3   | Gained mutation: Your magical capacity is low (-10% MP). [Ru sacrifice]
 22635 | Lair:2   | Killed a death yak
 22635 | Lair:2   | Reached XP level 13. HP: 88/107 MP: 11/11
 23884 | Lair:5   | Found a staircase to the Shoals.
 24774 | Lair:5   | Gained mutation: You regenerate slowly when monsters are visible. [potion of mutation]
 24774 | Lair:5   | Gained mutation: You have a pair of small antennae on your head. [potion of mutation]
 24861 | Lair:5   | Found a staircase to the Snake Pit.
 26102 | Lair:6   | Reached skill level 5 in Dodging
 26152 | Lair:6   | Reached skill level 18 in Unarmed Combat
 26557 | Lair:6   | Found a staircase to the Slime Pits.
 28239 | Lair:8   | Entered Level 8 of the Lair of Beasts
 28460 | Lair:8   | Reached XP level 14. HP: 113/116 MP: 12/12
 29722 | Lair:8   | Learned a level 2 spell: Blink
 30769 | Lair:8   | Reached skill level 19 in Unarmed Combat
 31065 | Lair:8   | Gained mutation: You are dopey. (Int -2) [Ru sacrifice]
 31065 | Lair:8   | Reached **** piety under Ru
 31736 | Lair:8   | Got a flickering pewter ring
 31738 | Lair:8   | Identified the ring of Foohunk {rElec rF+ rC++ Slay+1} (You found it on level 8 of the Lair of Beasts)
 32773 | Orc:2    | Reached XP level 15. HP: 111/126 MP: 8/13
 33102 | Orc:2    | Found a roughly hewn altar of Beogh.
 33166 | Orc:1    | Reached skill level 10 in Fighting
 33521 | Orc:2    | Found Padov's Antique Armour Emporium.
 33532 | Orc:2    | Found Ownuod's Armour Shoppe.
 33731 | Orc:2    | Noticed Saint Roka
 34365 | Orc:2    | Found a staircase to the Elven Halls.
 35529 | Orc:2    | Killed Saint Roka
 35873 | Orc:2    | Found a roughly hewn altar of Beogh.
 35921 | Orc:2    | Found Noptoabb's Gadget Shoppe.
 35980 | Orc:2    | Found Ripniati's Gadget Boutique.
 36057 | Orc:2    | Bought a +2 hat for 208 gold pieces
 36063 | Orc:2    | Gained mutation: Scrolls take you a little longer to read. [potion of mutation]
 36191 | D:11     | Reached skill level 20 in Unarmed Combat
 36207 | D:11     | Found a white marble altar of Elyvilon.
 36738 | D:12     | Gained mutation: Your muscles are strong. (Str +2) [mutagenic meat]
 36739 | D:12     | Gained mutation: You do not regenerate naturally when monsters are visible. [mutagenic meat]
 36843 | D:12     | Noticed Urug
 36869 | D:12     | Noticed Maurice
 36878 | D:12     | Killed Urug
 36910 | D:12     | Killed Maurice
 36937 | D:12     | Noticed Frances
 36969 | D:12     | Killed Frances
 37004 | D:12     | Got a coiled jade ring
 37006 | D:12     | Identified the ring "Novasoic" {Str+5 Int+6} (You found it on level 12 of the Dungeon)
 37911 | D:12     | Identified Naps's Guide on the Oath and Ice (You found it on level 12 of the Dungeon)
 38608 | D:13     | Found a basalt altar of Yredelemnul.
 38852 | D:14     | Lost mutation: Scrolls take you a little longer to read. [mutagenic meat]
 38853 | D:14     | Lost mutation: You do not regenerate naturally when monsters are visible. [mutagenic meat]
 38854 | D:14     | Lost mutation: You have a pair of small antennae on your head. [mutagenic meat]
 38855 | D:14     | Gained mutation: You are resistant to electric shocks. [mutagenic meat]
 38856 | D:14     | Gained mutation: Your body sometimes deteriorates upon taking damage. [mutagenic meat]
 38857 | D:14     | Gained mutation: You sometimes yell uncontrollably at your foes. [mutagenic meat]
 38932 | D:14     | Reached XP level 16. HP: 113/136 MP: 14/14
 38968 | D:14     | Lost mutation: You are agile. (Dex +2) [mutagenic meat]
 38971 | D:14     | Gained mutation: Your flesh is heat resistant. [mutagenic meat]
 38972 | D:14     | Lost mutation: Your muscles are strong. (Str +2) [mutagenic meat]
 38973 | D:14     | Gained mutation: You are clumsy. (Dex -2) [mutagenic meat]
 38975 | D:14     | Lost mutation: You tend to lose your temper in combat. [mutagenic meat]
 38976 | D:14     | Gained mutation: Scrolls take you a little longer to read. [mutagenic meat]
 38978 | D:14     | Gained mutation: Scrolls take you longer to read. [mutagenic meat]
 39885 | D:14     | Found a gate to the Vaults.
 40232 | D:14     | Lost mutation: You are clumsy. (Dex -2) [mutagenic meat]
 40233 | D:14     | Gained mutation: Your large and strong wings let you fly indefinitely. [mutagenic meat]
 40235 | D:14     | Gained mutation: Your flesh is very heat resistant. [mutagenic meat]
 40236 | D:14     | Lost mutation: You sometimes yell uncontrollably at your foes. [mutagenic meat]
 40238 | D:14     | Lost mutation: Your large and strong wings let you fly indefinitely. [mutagenic meat]
 40240 | D:14     | Lost mutation: Your body sometimes deteriorates upon taking damage. [mutagenic meat]
 40241 | D:14     | Lost mutation: Your flesh is very heat resistant. [mutagenic meat]
 40242 | D:14     | Lost mutation: Scrolls take you longer to read. [mutagenic meat]
 40245 | D:14     | Gained mutation: Your spells are a little easier to cast, but a little less powerful. [mutagenic meat]
 40246 | D:14     | Gained mutation: You passively map a small area around you. [mutagenic meat]
 40247 | D:14     | Gained mutation: You evolve. [mutagenic meat]
 40567 | D:14     | Identified 5 scrolls of acquirement
 40905 | D:14     | Lost mutation: Your spells are a little easier to cast, but a little less powerful. [evolution]
 41517 | D:14     | Reached skill level 21 in Unarmed Combat
 41642 | D:15     | Entered Level 15 of the Dungeon
 42168 | D:15     | Gained mutation: Your spells are a little easier to cast, but a little less powerful. [mutagenic meat]
 42198 | D:15     | Lost mutation: Your spells are a little easier to cast, but a little less powerful. [mutagenic meat]
 42320 | D:15     | Lost mutation: You have hoof-like feet. [mutagenic meat]
 42321 | D:15     | Gained mutation: Your large and strong wings let you fly indefinitely. [mutagenic meat]
 42322 | D:15     | Gained mutation: You are weak. (Str -2) [mutagenic meat]
 42324 | D:15     | Gained mutation: Your flesh is cold resistant. [mutagenic meat]
 42326 | D:15     | Gained mutation: Scrolls take you longer to read. [mutagenic meat]
 42330 | D:15     | Found a staircase to the Depths.
 42345 | D:15     | Lost mutation: You are weak. (Str -2) [mutagenic meat]
 42473 | D:15     | Gained mutation: You do not regenerate naturally when monsters are visible. [Ru sacrifice]
 42473 | D:15     | Reached ***** piety under Ru
 42933 | Elf:1    | Entered Level 1 of the Elven Halls
 43318 | Elf:1    | Reached skill level 15 in Shields
 43324 | Elf:1    | Found a magical portal.
 43367 | WizLab   | Entered Wucad Mu's Monastery
 44410 | Elf:1    | Reached XP level 17. HP: 125/146 MP: 15/15
 44477 | Elf:1    | Reached skill level 10 in Dodging
 45647 | Elf:1    | Noticed Ijustatesigmund's ghost (journeyman OgHu)
 48912 | Elf:1    | Slain by Ijustatesigmund's ghost

Vault maps used:
D:1:      eino_arrival_water_star
D:2:      ecumenical_altar_1
D:3:      bloody_trog, first_bread, minmay_misc_feat_diagonals
D:4:      grunt_temple_overflow_diamond, uniq_grinder
D:5:      nicolae_overflow_crystal_walls
D:6:      uniq_prince_ribbit1
D:7:      grunt_ministairs_1
D:8:      lemuel_zombie_altar_kikubaaqudgha, david_lair_shrubbed,
          grunt_livestock, grunt_nemelex_the_gamble
D:9:      ashenzari_altar_1, old_standard_altar
D:10:     kennysheep_orc_monster_closet_entryway, statue_in_the_mist_lemuel,
          glass_columns_c, minivault_19, minmay_statue_crystal_thing
D:11:     elyvilon_altar_4
D:12:     cheibrodos_breeding_chamber, uniq_maurice, uniq_frances, uniq_urug
D:13:     yredelemnul_altar_generic
D:14:     lemuel_traditional_vault, grunt_vaults_entry_fortified
D:15:     gammafunk_enter_depths_forms, grunt_decor_resistance
Temple:   triangle_lava_temple_12
Lair:1:   lab_entry_generic, beast_lair_carwin_11, grunt_megastairs_4,
          uniq_joseph, uniq_sonja
Lair:2:   serial_bayou_pond_e, tgw_fedhas
Lair:3:   basic_altar, eino_small_chamber_without_monster, beast_lair_carwin_5,
          infiniplex_staircase_pool_2
Lair:5:   elwin_shoals_entry_rocks, minmay_snake_entry_six_corridors,
          minmay_lair_drake_nest, serial_bayou_shore_a
Lair:6:   minmay_slime_entry_eyes, serial_bayou_pond_e, grunt_megastairs_3
Lair:7:   wad_woods_antlair
Lair:8:   hangedman_lair_caniforms_friends, hangedman_lair_in_review
Orc:1:    nicolae_orc_flooded_monolith
Orc:2:    pubby_orc_utopia, serial_shops
Elf:1:    special_room, infiniplex_enter_wizlab_water, orc_legates
Lab:      nicolae_lab_dead_adventurers, labyrinth_skeletal_remains,
          nicolae_lab_diamond, nicolae_lab_hexagon, nicolae_lab_lava,
          lab_fountain, lab_statue, nicolae_lab_grate_2
WizLab:   wizlab_wucad

Skill      XL: |  1  2  3  4  5  6  7  8  9 10 11 12 13 14 15 16 17 |
---------------+----------------------------------------------------+-----
Unarmed Combat | 3 4 5 6 7 9 11 13 14 16 17 18 19 20 21 | 21.9
Shields        | 5 7 8 10 11 12 14 15 | 15.0
Fighting       | 4 6 7 8 9 10 11 12 | 12.3
Dodging        | 3 5 7 8 9 10 | 10.5

Action                   |  1- 3 |  4- 6 |  7- 9 | 10-12 | 13-15 | 16-18 || total
-------------------------+-------+-------+-------+-------+-------+-------++-------
Melee: Unarmed           |   192 |   166 |   453 |  1094 |  2008 |  1005 ||  4918
       Tailslap          |    20 |    24 |    68 |   167 |   400 |   170 ||   849
       Kick              |       |       |    90 |   376 |   298 |       ||   764
Invok: Sacrifice Stealth |       |     1 |       |       |       |       ||     1
       Sacrifice Arcana  |       |       |     1 |       |       |       ||     1
       Reject Sacrifices |       |       |       |     1 |     1 |       ||     2
       Sacrifice Words   |       |       |       |     1 |       |       ||     1
       Sacrifice Essence |       |       |       |     1 |       |       ||     1
       Power Leap        |       |       |       |       |    17 |    21 ||    38
       Sacrifice Purity  |       |       |       |       |     1 |     1 ||     2
       Draw Out Power    |       |       |       |       |       |     1 ||     1
       Apocalypse        |       |       |       |       |       |     1 ||     1
 Abil: Breathe Dispellin |       |       |    35 |    30 |    20 |       ||    85
       Evoke Berserk Rag |       |       |       |       |     2 |       ||     2
       Evoke Flight      |       |       |       |       |     2 |       ||     2
Evoke: Wand              |       |       |       |     7 |     5 |       ||    12
  Use: Scroll            |     1 |     2 |     9 |     9 |    14 |     5 ||    40
       Potion            |       |     1 |     5 |     9 |     2 |     4 ||    21
 Stab: Sleeping          |     2 |     1 |       |       |       |       ||     3
       Invisible         |       |       |       |     4 |     8 |    16 ||    28
       Distracted        |       |       |       |     3 |     9 |     3 ||    15
       Paralysed         |       |       |       |       |     1 |       ||     1
  Eat: Chunk             |     3 |     8 |    12 |    49 |    79 |    68 ||   219
       Beef jerky        |       |       |     1 |     3 |     3 |       ||     7
       Bread ration      |       |       |     3 |       |       |       ||     3
       Pizza             |       |       |     1 |       |     1 |     5 ||     7
       Fruit             |       |       |       |     2 |     6 |     3 ||    11
Armor: Skin              |    60 |    31 |    77 |   115 |   186 |    97 ||   566
Dodge: Dodged            |    65 |    39 |   134 |   243 |   559 |   250 ||  1290
Block: Shield            |    72 |    79 |   157 |   475 |   877 |   462 ||  2122
